 Dungeon Crawl Stone Soup version 0.30.0-29-ga12c61a403 (webtiles) character file.

Game seed: 12938758372356866938

117 qw the Chopper (level 5, -1/32 HPs)
             Began as a Gargoyle Fighter on June 5, 2023.
             Slain by a gnoll
             ... wielding a +0 whip
              (2 damage)
             ... on level 3 of the Dungeon.
             The game lasted 00:01:21 (2352 turns).

qw the Chopper (Gargoyle Fighter)                   Turns: 2352, Time: 00:01:21

Health: -1/32      AC: 13    Str: 21    XL:     5   Next: 1%
Magic:  5/5        EV:  9    Int:  9    God:
Gold:   185        SH:  4    Dex:  9    Spells: 4/4 levels left

rFire   . . .        Y - +0 war axe
rCold   + . .        c - +0 buckler
rNeg    + . .        b - +0 scale mail
rPois   inf          (no helmet)
rElec   +            e - +0 cloak
rCorr   .            (no gloves)
SInv    .            m - +0 pair of boots
Will    .....        (no amulet) Stlth
                     j - ring of protection from cold
HPRegen 0.25/turn    (no ring)
MPRegen 0.09/turn

%: no passive effects
@: no status effects
A: sickness immunity, AC +4, negative energy resistance 1, electricity
resistance, torment resistance 1, petrification resistance
a: no special abilities


You were on level 3 of the Dungeon.
You visited 1 branch of the dungeon, and saw 3 of its levels.

You collected 185 gold pieces.


Innate Abilities, Weirdness & Mutations

You are immune to sickness and miasma.
Your stone body is resilient. (AC +4)
You are immune to poison.
You resist negative energy. (rN+)
You are resistant to electric shocks. (rElec)
You are resistant to unholy torment.
You are immune to petrification.


   Skills:
 - Level 3.2 Fighting
 + Level 4.5 Axes
 - Level 3.2 Armour
 - Level 3.2 Shields


You had 4 spell levels left.
You didn't know any spells.
Your spell library was empty.

Inventory:

Hand Weapons
 i - a +1 whip of draining
 Y - a +0 war axe (weapon)
Armour
 b - a +0 scale mail (worn)
 c - a +0 buckler (worn)
 e - a +0 cloak (worn)
 m - a +0 pair of boots (worn)
Jewellery
 j - a ring of protection from cold (left hand)
Scrolls
 a - 3 scrolls of identify
 o - a scroll of fear {unknown}
Potions
 d - 2 potions of might
 f - a potion of ambrosia {unknown}
 g - a potion of curing {unknown}
 k - a potion of mutation {unknown}
 l - a potion of berserk rage {unknown}
 n - a potion of degeneration {unknown}

Dungeon Overview and Level Annotations

Branches:
Dungeon (3/15)

Altars:
Xom

Annotations:
D:2 1 runed translucent door, Crazy Yiuf, Natasha
D:3 Sigmund


Message History

The scorpion stings you but does no damage.
Sigmund casts a spell at you.
The magic dart hits you but does no damage.
You closely miss the scorpion.
The scorpion is moderately wounded.
You block the scorpion's attack.
Sigmund points at you and mumbles some strange words.
You resist with some effort. The scorpion barely misses you.
Sigmund closely misses you.
You slash the scorpion!
The scorpion is almost dead.
The scorpion stings you but does no damage.
You barely miss the scorpion.
The scorpion is almost dead.
The scorpion stings you but does no damage.
Sigmund gestures at you while chanting. You resist with some effort.
The scorpion stings you but does no damage.
You block Sigmund's attack.
You barely miss the scorpion.
The scorpion is almost dead.
Your surroundings suddenly seem different.
An endoplasm and 2 gnolls come into view.
Found a scroll labelled TUAZ LABEA and 2 purple potions.
The gnoll shouts!
You hear a shout!
A gnoll comes into view. It is wielding a +0 flail.
A gnoll comes into view. It is wielding a +0 club.
An adder comes into view.
Enter note:
Enter note:
Enter note:
Enter note:
Enter note:
Enter note: The gnoll shouts!
You hit the gnoll.
The gnoll is lightly wounded.
The gnoll hits you with a +0 whip. The gnoll hits you with a +0 club.
The gnoll hits you with a +0 whip.
You die...

#+###### #.....#
#.#....# #.....+
#.#....# #.....#
#.#....# #.....#
#.#....#
#.....##.###.#....#
#.....##..........#
#.S...######.#.....
#g@...# #.#####.
.......gJ..# #.# #.
......gg.########'### ##
.........##.........####
.........##....s....##..
.........##.........##..
.........##.....@...##..
!.......?##.........##..
#.........####


You could see 4 gnolls, an adder and an endoplasm.

Vanquished Creatures
  Natasha (D:2)
  3 adders
  2 dart slugs
  6 endoplasms
  4 giant cockroaches (D:2)
  5 goblins
  5 hobgoblins
  4 quokkas
  6 ball pythons
  3 bats
  2 frilled lizards (D:1)
  9 kobolds
  8 rats
58 creatures vanquished.

Notes
Turn   | Place    | Note
-------+----------+-------------------------------------------
     0 | D:1      | qw the Gargoyle Fighter began the quest for the Orb.
     0 | D:1      | Reached XP level 1. HP: 14/14 MP: 1/1
     0 | D:1      | 0 ||| qw: Version: 0.2-a-108-gee2c290
     0 | D:1      | 0 ||| qw: Game counter: 1505
     0 | D:1      | 0 ||| qw: Always use a shield: true
     0 | D:1      | 0 ||| qw: God list: Okawaru
     0 | D:1      | 0 ||| qw: Allow faded altars: false
     0 | D:1      | 0 ||| qw: Do Orc after D:15 true
     0 | D:1      | 0 ||| qw: Do second Lair branch before Depths: true
     0 | D:1      | 0 ||| qw: Lair rune preference: random
     0 | D:1      | 0 ||| qw: Plans: Normal, Zot:1-4, Slime:5, God:TSO, Crypt,
                  | Tomb, Abyss, Pan, Hells, Win
     0 | D:1      | 0 ||| PLANNING D:1-11
    34 | D:1      | Reached skill level 2 in Axes
   159 | D:1      | Reached XP level 2. HP: 19/19 MP: 2/2
   668 | D:1      | Reached skill level 3 in Axes
   792 | D:1      | Reached XP level 3. HP: 23/23 MP: 3/3
  1033 | D:1      | 1033 ||| UPGRADING to +0 cloak.
  1038 | D:1      | 1038 ||| READING 2 scrolls labelled HOEPTI UMER.
  1039 | D:1      | 1039 ||| READING 3 scrolls labelled NORAYL ROK.
  1040 | D:1      | 1040 ||| DROPPING 2 scrolls of fog.
  1084 | D:2      | 1084 ||| Stepping ~*~*~tactically~*~*~ (stealth).
  1085 | D:2      | 1085 ||| Stepping ~*~*~tactically~*~*~ (stealth).
  1173 | D:2      | 1173 ||| Stepping ~*~*~tactically~*~*~ (stealth).
  1309 | D:2      | 1309 ||| Stepping ~*~*~tactically~*~*~ (stealth).
  1439 | D:2      | 1439 ||| Stepping ~*~*~tactically~*~*~ (hiding).
  1440 | D:2      | 1440 ||| Stepping ~*~*~tactically~*~*~ (hiding).
  1451 | D:2      | 1451 ||| Stepping ~*~*~tactically~*~*~ (stealth).
  1594 | D:2      | Reached XP level 4. HP: 28/28 MP: 4/4
  1601 | D:2      | Found a runed translucent door.
  1602 | D:2      | Noticed Crazy Yiuf
  1662 | D:2      | 1662 ||| Stepping ~*~*~tactically~*~*~ (hiding).
  1663 | D:2      | 1663 ||| Stepping ~*~*~tactically~*~*~ (hiding).
  1683 | D:2      | Noticed Natasha
  1691 | D:2      | Killed Natasha
  1692 | D:2      | Reached skill level 4 in Axes
  1692 | D:2      | 1692 ||| FLEEEEING.
  1693 | D:2      | 1693 ||| FLEEEEING.
  1694 | D:2      | 1694 ||| FLEEEEING.
  1695 | D:2      | 1695 ||| FLEEEEING.
  1696 | D:2      | 1696 ||| FLEEEEING.
  1697 | D:2      | 1697 ||| STAIRDANCE
  1732 | D:1      | 1732 ||| UPGRADING to +0 pair of boots.
  1737 | D:1      | 1737 ||| UPGRADING to ring of protection from cold.
  1738 | D:1      | 1738 ||| READING 2 scrolls labelled AMESSY GIBRE.
  1743 | D:1      | 1743 ||| READING scroll labelled SAFOVUPOME.
  1844 | D:1      | 1844 ||| READING scroll labelled ZOATWASSOI.
  1871 | D:2      | 1871 ||| Stepping ~*~*~tactically~*~*~ (stealth).
  1872 | D:2      | 1872 ||| Stepping ~*~*~tactically~*~*~ (stealth).
  1873 | D:2      | 1873 ||| Stepping ~*~*~tactically~*~*~ (stealth).
  1987 | D:2      | Noticed Natasha
  1989 | D:3      | 1989 ||| PLANNING SEWER
  2129 | D:3      | 2129 ||| Stepping ~*~*~tactically~*~*~ (stealth).
  2131 | D:3      | 2131 ||| Stepping ~*~*~tactically~*~*~ (stealth).
  2237 | D:3      | Found a shimmering altar of Xom.
  2270 | D:3      | Reached XP level 5. HP: 29/32 MP: 5/5
  2296 | D:3      | 2296 ||| Stepping ~*~*~tactically~*~*~ (stealth).
  2321 | D:3      | Noticed Sigmund
  2341 | D:3      | HP: 4/32 [Sigmund/+0 scythe (7)]
  2344 | D:3      | 2344 ||| READING scroll of teleportation.
  2352 | D:3      | HP: 5/32 [gnoll/+0 whip (2)]
  2352 | D:3      | HP: 1/32 [gnoll/+0 club (4)]
  2352 | D:3      | Slain by a gnoll

Levels and vault maps discovered:
D:1:      arrival_zaba_pyramid, layout_basic
D:2:      layout_rooms, chequers_serial_rivers_large_b,
          minmay_misc_feat_diagonals, uniq_natasha, uniq_crazy_yiuf_cottage
D:3:      layout_basic, mainiacjoe_overflow_alcove_1, portal_sewer_entry_e,
          uniq_sigmund, uniq_ijyb

Skill      XL: |  1  2  3  4 |
---------------+-------------+-----
Axes           | 2 3 4 |  4.5
Fighting       | |  3.2
Armour         | |  3.2
Shields        | |  3.2

Action                     |  1- 3 |  4- 6 || total
---------------------------+-------+-------++-------
  Melee: War axe           |   102 |    80 ||   182
  Throw: Boomerang         |     9 |       ||     9
    Use: Scroll            |     2 |     4 ||     6
 Armour: Scale mail        |    48 |    64 ||   112
  Dodge: Dodged            |    34 |    37 ||    71
  Block: Buckler           |    15 |    21 ||    36

Table legend:
 A = Non-vault XP
 B = Vault XP
 C = Vault XP percentage of total XP
 D = Non-vault monster count
 E = Vault monster count
 F = Vault count percentage of total count
                 A         B        C        D         E       F
            +---------+---------+-------+---------+---------+-------
      Total |     133 |      35 |  20.8 |      57 |       1 |   1.7
            +---------+---------+-------+---------+---------+-------
        D:1 |      37 |       0 |   0.0 |      23 |       0 |   0.0
        D:2 |      52 |      35 |  40.2 |      23 |       1 |   4.2
        D:3 |      44 |       0 |   0.0 |      11 |       0 |   0.0
            +---------+---------+-------+---------+---------+-------
